 Dungeon Crawl Stone Soup version 0.21.1-1-g345015f (webtiles) character file.

155 tidbits the Charmwright (level 5, 0/43 HPs)
             Began as a Gnoll Skald on June 22, 2018.
             Slain by a gnoll
             ... wielding a +0 halberd of protection
              (14 damage)
             ... on level 3 of the Dungeon.
             The game lasted 00:07:09 (447 turns).

tidbits the Charmwright (Gnoll Skald)                Turns: 447, Time: 00:07:09

Health: 0/43       AC:  3    Str: 13    XL:     5   Next: 37%
Magic:  0/12       EV: 14    Int: 17    God:
Gold:   10         SH:  0    Dex: 14    Spells: 4/14 levels left

rFire    . . .     SeeInvis .   m - -2 spear (curse)
rCold    . . .     Gourm    .   (no shield)
rNeg     + . .     Faith    .   b - +0 leather armour
rPois    .         Spirit   .   (no helmet)
rElec    .         Reflect  .   (no cloak)
rCorr    .         Harm     .   (no gloves)
MR       .....                  (no boots)
Stlth    ++........             (no amulet)
HPRegen  0.14/turn              k - ring of positive energy
MPRegen  0.13/turn              (no ring)

@: very slightly contaminated
A: distributed training, fangs 1, strong nose
a: no special abilities


You were on level 3 of the Dungeon.
You were not hungry.

You visited 1 branch of the dungeon, and saw 3 of its levels.

You collected 10 gold pieces.

Inventory:

Hand Weapons
 a - a +0 hand axe
 f - a +0 dagger
 g - a +0 trident
 m - a cursed -2 spear (weapon)
Armour
 b - a +0 leather armour (worn)
 i - a +2 robe
 n - a +0 helmet
Jewellery
 k - a ring of positive energy (left hand)
   (You found it on level 3 of the Dungeon)
Potions
 h - a potion of brilliance
 j - a potion of curing
 o - a potion of might {unknown}
 p - a potion of degeneration {unknown}
Books
 d - a book of Battle

   Spells                             Type                      Level
   a - Infusion                       Charms                       1
   b - Shroud of Golubria             Charms/Translocation         2
   c - Song of Slaying                Charms                       2
   d - Spectral Weapon                Hexes/Charms                 3
   e - Regeneration                   Charms/Necromancy            3
Comestibles
 c - 3 rations


   Skills:
 + Level 4.7 Fighting
 + Level 1.4 Short Blades
 + Level 1.4 Long Blades
 + Level 4.7 Axes
 + Level 1.4 Maces & Flails
 + Level 1.4 Polearms
 + Level 1.4 Staves
 + Level 1.4 Slings
 + Level 1.4 Bows
 + Level 1.4 Crossbows
 + Level 1.4 Throwing
 + Level 2.9 Armour
 + Level 4.7 Dodging
 + Level 1.4 Stealth
 + Level 1.4 Shields
 + Level 1.4 Unarmed Combat
 + Level 5.2 Spellcasting
 + Level 1.1 Conjurations
 + Level 1.1 Hexes
 + Level 5.5 Charms
 + Level 1.1 Summonings
 + Level 1.1 Necromancy
 + Level 1.1 Translocations
 + Level 1.1 Transmutations
 + Level 1.1 Fire Magic
 + Level 1.1 Ice Magic
 + Level 1.1 Air Magic
 + Level 1.1 Earth Magic
 + Level 1.1 Poison Magic
 + Level 1.6 Invocations
 + Level 1.4 Evocations


You had 4 spell levels left.
You knew the following spells:

 Your Spells              Type           Power        Failure   Level  Hunger
g - Shroud of Golubria    Chrm/Tloc      ###.......   7%          2    #......
r - Regeneration          Chrm/Necr      ###.......   13%         3    ###....
w - Spectral Weapon       Hex/Chrm       ###.....     13%         3    ###....
y - Song of Slaying       Chrm           ###.....     2%          2    #......


Dungeon Overview and Level Annotations

Branches:
Dungeon (3/15)

Altars:
Okawaru
Sif Muna

Annotations:
D:3 Unprinted's ghost, amateur TeMo


Innate Abilities, Weirdness & Mutations

Your experience applies equally to all skills.
You have very sharp teeth.
Your uncanny sense of smell can sniff out nearby items.


Message History

You hit the gnoll.
The gnoll is almost dead.
Your spectral weapon hits the gnoll but does no damage.
The gnoll misses you. The gnoll closely misses you.
You hit the gnoll.
You kill the gnoll!
The gnoll misses you.
You barely miss the rat.
Your spectral weapon hits the rat but does no damage.
The rat bites you but does no damage.
You hit the rat.
You kill the rat!
Your song is almost over.
The gnoll closely misses you.
Casting: Spectral Weapon
Confirm with . or Enter, or press ? or * to list all spells.
Your skin crawls.
The gnoll closely misses you. The gnoll barely misses you.
Items here: )) ††† a club; a spear; a rat corpse; a bat corpse; a gnoll corpse You hit the gnoll.
The gnoll is moderately wounded.
Your spectral weapon hits the gnoll from afar.
The gnoll barely misses you.
You hit the gnoll.
The gnoll is severely wounded.
Your spectral weapon hits the gnoll but does no damage.
The gnoll barely misses you.
You hit the gnoll but do no damage.
The gnoll is severely wounded.
Your skin is crawling a little less now.
Your spectral weapon fades away.
You hit the gnoll.
The gnoll is severely wounded.
Your song has ended.
The gnoll barely misses you.
Casting: Regeneration
Confirm with . or Enter, or press ? or * to list all spells.
You don't have enough magic to cast that spell.
You closely miss the gnoll.
The gnoll is severely wounded.
The gnoll barely misses you.
Okay, then.
You barely miss the gnoll.
The gnoll is severely wounded.
The gnoll closely misses you.
You barely miss the gnoll. Your bite misses the gnoll.
The gnoll is severely wounded.
The gnoll barely misses you.
You hit the gnoll but do no damage.
The gnoll is severely wounded.
The gnoll barely misses you.
You hit the gnoll but do no damage.
The gnoll is severely wounded.
Your skin stops crawling.
The gnoll hits you with a halberd of protection!
* * * LOW HITPOINT WARNING * * *
You barely miss the gnoll.
The gnoll is severely wounded.
You hit the gnoll but do no damage.
The gnoll is severely wounded.
The gnoll closely misses you.
You hit the gnoll but do no damage.
The gnoll is severely wounded.
The gnoll completely misses you.
You barely miss the gnoll.
The gnoll is severely wounded.
The gnoll closely misses you.
You completely miss the gnoll.
The gnoll is severely wounded.
The gnoll closely misses you.
You hit the gnoll but do no damage.
The gnoll is severely wounded.
The gnoll barely misses you.
Casting: Regeneration
Confirm with . or Enter, or press ? or * to list all spells.
You miscast Spectral Weapon.
You are very lightly contaminated with residual magic.
Nothing appears to happen.
The gnoll hits you with a halberd of protection.
* * * LOW HITPOINT WARNING * * *
You hit the gnoll.
The gnoll is severely wounded.
Your leather armour prevents you from hitting the gnoll.
You bite the gnoll, but do no damage.
The gnoll is severely wounded.
The gnoll misses you.
You barely miss the gnoll.
The gnoll is severely wounded.
The gnoll completely misses you.
You closely miss the gnoll.
The gnoll is severely wounded.
The gnoll barely misses you.
You closely miss the gnoll.
The gnoll is severely wounded.
The gnoll closely misses you.
You hit the gnoll but do no damage.
The gnoll is severely wounded.
The gnoll hits you with a halberd of protection!
You die...

...# ..... ...# .....
...# ... ...+ ... ...#
# #'# ...# ∆ #. #.#
#### #.. #.# #... #.#
##....##@# ...:....g#
#.#.##
......g...........
#####.#
b.......######...######
......#
$.....###....###......
########+###.#
...............
####.....#...
######.....#
.........#..#
##§§§.......####..
.........#..#
#.§§§.......))...#


You could see a gnoll and a goblin.

Vanquished Creatures
  Jessica (D:3)
  Robin (D:3)
  3 adders
  3 gnolls (D:3)
  An ooze (D:2)
  2 worms (D:3)
  2 dart slugs (D:3)
  A leopard gecko (D:3)
  An orc (D:3)
  A ball python (D:3)
  2 bats
  3 giant cockroaches
  10 goblins
  3 hobgoblins (D:3)
  3 jackals
  2 frilled lizards
  3 kobolds
  7 rats
49 creatures vanquished.

Notes
Turn   | Place    | Note
-------+----------+-------------------------------------------
     0 | D:1      | tidbits the Gnoll Skald began the quest for the Orb.
     0 | D:1      | Reached XP level 1. HP: 20/20 MP: 6/6
    38 | D:2      | Reached XP level 2. HP: 26/26 MP: 2/7
    42 | D:2      | Learned a level 2 spell: Song of Slaying
    45 | D:2      | Learned a level 2 spell: Shroud of Golubria
    91 | D:2      | Reached XP level 3. HP: 18/31 MP: 3/9
   102 | D:2      | Learned a level 3 spell: Regeneration
   115 | D:2      | Reached skill level 5 in Spellcasting
   193 | D:3      | Reached skill level 1 in Invocations
   218 | D:2      | Found a deep blue altar of Sif Muna.
   218 | D:2      | Found an iron altar of Okawaru.
   273 | D:3      | Learned a level 3 spell: Spectral Weapon
   289 | D:3      | Reached skill level 1 in Short Blades
   289 | D:3      | Reached skill level 1 in Long Blades
   289 | D:3      | Reached skill level 1 in Maces & Flails
   289 | D:3      | Reached skill level 1 in Polearms
   289 | D:3      | Reached skill level 1 in Staves
   289 | D:3      | Reached skill level 1 in Slings
   289 | D:3      | Reached skill level 1 in Bows
   289 | D:3      | Reached skill level 1 in Crossbows
   289 | D:3      | Reached skill level 1 in Throwing
   289 | D:3      | Reached skill level 1 in Stealth
   289 | D:3      | Reached skill level 1 in Shields
   289 | D:3      | Reached skill level 1 in Unarmed Combat
   289 | D:3      | Reached skill level 1 in Evocations
   294 | D:3      | Noticed Jessica
   294 | D:3      | Noticed Unprinted's ghost (amateur TeMo)
   296 | D:3      | Noticed Robin
   309 | D:3      | Killed Jessica
   309 | D:3      | Reached XP level 4. HP: 31/38 MP: 1/11
   317 | D:3      | Reached skill level 1 in Conjurations
   317 | D:3      | Reached skill level 1 in Hexes
   317 | D:3      | Reached skill level 1 in Summonings
   317 | D:3      | Reached skill level 1 in Necromancy
   317 | D:3      | Reached skill level 1 in Translocations
   317 | D:3      | Reached skill level 1 in Transmutations
   317 | D:3      | Reached skill level 1 in Fire Magic
   317 | D:3      | Reached skill level 1 in Ice Magic
   317 | D:3      | Reached skill level 1 in Air Magic
   317 | D:3      | Reached skill level 1 in Earth Magic
   317 | D:3      | Reached skill level 1 in Poison Magic
   320 | D:3      | Killed Robin
   337 | D:3      | Reached XP level 5. HP: 13/43 MP: 3/12
   447 | D:3      | Slain by a gnoll

Skill      XL: |  1  2  3  4 |
---------------+-------------+-----
Spellcasting   | 5 |  5.2
Invocations    | 1 |  1.6
Short Blades   | 1 |  1.4
Long Blades    | 1 |  1.4
Maces & Flails | 1 |  1.4
Polearms       | 1 |  1.4
Staves         | 1 |  1.4
Slings         | 1 |  1.4
Bows           | 1 |  1.4
Crossbows      | 1 |  1.4
Throwing       | 1 |  1.4
Stealth        | 1 |  1.4
Shields        | 1 |  1.4
Unarmed Combat | 1 |  1.4
Evocations     | 1 |  1.4
Conjurations   | 1 |  1.1
Hexes          | 1 |  1.1
Summonings     | 1 |  1.1
Necromancy     | 1 |  1.1
Translocations | 1 |  1.1
Transmutations | 1 |  1.1
Fire Magic     | 1 |  1.1
Ice Magic      | 1 |  1.1
Air Magic      | 1 |  1.1
Earth Magic    | 1 |  1.1
Poison Magic   | 1 |  1.1
Fighting       | |  4.7
Axes           | |  4.7
Armour         | |  2.9
Dodging        | |  4.7
Charms         | |  5.5

Action                   |  1- 3 |  4- 6 || total
-------------------------+-------+-------++-------
Melee: Hand axe          |    42 |       ||    42
       Bite              |     3 |     2 ||     5
       Trident           |    31 |    10 ||    41
       Dagger            |     1 |       ||     1
       Unarmed           |       |    18 ||    18
       Spear             |       |    42 ||    42
       Punch             |       |     1 ||     1
 Cast: Infusion          |     3 |       ||     3
       Song of Slaying   |     3 |     2 ||     5
       Regeneration      |     2 |     2 ||     4
       Spectral Weapon   |     1 |     2 ||     3
  Use: Potion            |       |     3 ||     3
       Scroll            |       |     3 ||     3
 Stab: Sleeping          |     2 |       ||     2
       Distracted        |     1 |     1 ||     2
Armor: Leather armour    |    12 |     3 ||    15
       Skin              |       |    10 ||    10
Dodge: Dodged            |    44 |    51 ||    95

Table legend:
 A = Turns spent in this place as a percentage of turns spent in the entire game.
 B = Non-inter-level travel turns spent in this place as a percentage of non-inter-level travel turns spent in the entire game.
 C = Inter-level travel turns spent in this place as a percentage of turns spent in this place.
 D = Turns resting spent in this place as a percentage of non-inter-level travel turns spent in this place.
 E = Turns spent auto-exploring this place as a percentage of non-inter-level travel turns spent in this place.
 F = Non-inter-level travel turns spent in this place divided by the number of levels of this place that you've seen.
                   A       B       C       D       E      F
               +-------+-------+-------+-------+-------+----------------------
         Total | 100.0 | 100.0 |   0.0 |   0.0 |   0.0 | 149.0
       Dungeon | 100.0 | 100.0 |   0.0 |   0.0 |   0.0 | 149.0
               +-------+-------+-------+-------+-------+----------------------

Table legend:
 A = Kills in this place as a percentage of kills in entire the game.
 B = Kills by you in this place as a percentage of kills by you in the entire game.
 C = Kills by friends in this place as a percentage of kills by friends in the entire game.
 D = Other kills in this place as a percentage of other kills in the entire game.
 E = Experience gained in this place as a percentage of experience gained in the entire game.
 F = Experience gained in this place divided by the number of levels of this place that you have seen.
                   A       B       C       D       E      F
               +-------+-------+-------+-------+-------+----------------------
         Total | 100.0 | 100.0 |   N/A |   N/A | 100.0 |  74.0
       Dungeon | 100.0 | 100.0 |   N/A |   N/A | 100.0 |  74.0
               +-------+-------+-------+-------+-------+----------------------

Vault maps used:
D:1:      nicolae_arrival_washed_ashore, serial_bayou_crossing
D:2:      nicolae_overflow_hidden_temple, kennysheep_nondescript
D:3:      minmay_randomly_rotated_circles, uniq_robin, uniq_grinder,
          uniq_jessica
